Map: Kairos Junction LE

Players

Samwise - Winner!

  • Race: Protoss Protoss
  • League: Platinum
  • Spawn Location: 5:00

A.I. 1 (Elite)

  • Race: Zerg Zerg
  • Spawn Location: 11:00

VOD

Have the link to the VOD?

Description

Time

  • Played on: Aug. 20, 2019, 8:35 a.m.
  • Length: 9:16
Show
View Real Time Build Order
Export as new Build Order

Samwise Protoss - Winner!

Build Orders: 1 Gate Expand, Chargelot Immortal 

Get SALT Encoding   

  12  0:01  Probe  
  13  0:13  Probe  
  14  0:19  Pylon  
  14  0:25  Probe  
  15  0:35  Probe  
  16  0:43  Gateway, Probe  
  16  0:49  Assimilator  
  17  0:51  Probe  
  18  1:03  Probe  
  19  1:15  Probe  
  20  1:28  Nexus  
  20  1:36  Cybernetics Core  
  20  1:39  Probe  
  21  1:46  Assimilator  
  21  1:51  Pylon  
  21  1:53  Probe  
  22  2:06  Probe  
  23  2:11  Sentry  
  25  2:22  Warp Gate  
  25  2:27  Probe  
  25  2:29  Stalker  
  26  2:40  Probe  
  26  2:44  Probe  
  29  2:51  Probe  
  29  2:53  Robotics Facility  
  29  2:56  Probe  
  31  2:58  Assimilator  
  31  3:03  Gateway, Probe  
  32  3:08  Probe  
  32  3:12  Sentry  
  35  3:14  Probe  
  36  3:20  Probe  
  36  3:22  Probe  
  38  3:30  Probe  
  38  3:31  Pylon  
  38  3:32  Probe  
  39  3:38  Sentry  
  39  3:40  Warp Prism  
  44  3:51  Pylon  
  44  3:52  Pylon  
  44  3:53  Probe x2  
  46  4:05  Probe x2  
  46  4:07  Immortal  
  50  4:27  Stalker  
  52  4:36  Immortal  
  50  4:40  Stalker  
  54  5:00  Sentry  
  56  5:09  Forge  
  56  5:10  Gateway  
  56  5:12  Pylon  
  56  5:14  Pylon  
  56  5:15  Immortal  
  56  5:16  Robotics Facility  
  60  5:22  Twilight Council  
  60  5:25  Protoss Ground Weapons Level 1  
  60  5:30  Adept  
  60  5:32  Stalker  
  64  5:44  Probe x2  
  64  5:49  Charge  
  66  5:50  Zealot  
  66  5:54  Immortal  
  66  5:55  Zealot  
  66  5:56  Probe  
  75  6:06  Pylon  
  75  6:10  Pylon, Probe  
  76  6:16  Zealot x2  
  76  6:17  Zealot  
  76  6:34  Immortal x2  
  84  6:41  Zealot x3  
  90  6:47  Gateway  
  90  6:49  Gateway  
  90  6:52  Gateway  
  90  7:04  Immortal  
  90  7:06  Immortal  
  90  7:07  Gateway  
  90  7:09  Gateway  
  90  7:13  Pylon  
  92  7:16  Pylon  
  96  7:42  Zealot x2  
  96  7:43  Zealot x3  
  104  8:04  Immortal  
  104  8:05  Observer  
  109  8:11  Zealot x2  
  113  8:13  Zealot x2  
  117  8:21  Pylon  
  117  8:23  Pylon  
  117  8:26  Observer, Pylon  
  118  8:30  Pylon  
  118  8:33  Pylon  
  114  9:03  Zealot x8  
Show
View Real Time Build Order
Export as new Build Order

A.I. 1 (Elite) Zerg 

Build Orders: Pool First, Zergling Baneling 

Get SALT Encoding   

  12  0:00  Drone  
  13  0:12  Overlord  
  13  0:16  Drone  
  14  0:30  Drone  
  15  0:39  Spawning Pool  
  15  0:41  Drone  
  15  0:45  Drone  
  17  0:50  Drone  
  17  0:52  Extractor  
  17  0:55  Drone  
  17  1:06  Drone  
  18  1:17  Drone  
  19  1:28  Roach Warren, Queen  
  19  1:31  Drone  
  21  1:38  Zergling x2  
  22  1:49  Overlord  
  22  1:59  Overlord  
  22  2:10  Roach  
  24  2:21  Roach  
  26  2:32  Roach  
  26  2:34  Hatchery  
  26  2:35  Roach  
  29  2:37  Drone  
  30  2:45  Roach  
  30  2:51  Roach  
  34  3:00  Overlord  
  34  3:07  Metabolic Boost  
  34  3:12  Zergling x2  
  35  3:16  Zergling x2  
  35  3:19  Zergling x2  
  37  3:22  Zergling x2  
  37  3:26  Zergling x2  
  39  3:36  Zergling x2  
  39  3:39  Baneling Nest, Zergling x2  
  40  3:42  Zergling x2  
  41  4:04  Extractor  
  41  4:07  Drone  
  41  4:10  Drone  
  41  4:14  Drone  
  41  4:17  Zergling x2  
  43  4:18  Zergling x2  
  43  4:22  Baneling  
  43  4:24  Zergling x2  
  43  4:28  Zergling x2  
  43  4:34  Baneling x2, Zergling x2  
  43  4:36  Baneling x2  
  43  4:37  Zergling x2  
  42  4:41  Drone  
  42  4:45  Baneling, Drone  
  42  4:46  Baneling  
  42  4:50  Roach  
  42  4:52  Baneling  
  40  4:56  Roach  
  37  5:02  Roach  
  37  5:07  Roach  
  38  5:26  Lair  
  38  5:37  Drone  
  38  5:38  Extractor  
  38  5:41  Drone  
  39  5:45  Drone  
  39  5:49  Drone  
  41  5:51  Drone  
  41  5:56  Drone  
  43  5:59  Drone  
  44  6:06  Overlord  
  44  6:09  Drone  
  45  6:13  Drone  
  45  6:15  Drone  
  48  6:18  Drone  
  48  6:21  Drone  
  48  6:24  Drone  
  46  6:26  Hydralisk Den  
  46  6:28  Zergling x2  
  46  6:30  Zergling x2  
  37  6:34  Roach  
  37  6:39  Roach  
  41  6:42  Roach x2  
  45  6:48  Drone  
  45  6:50  Zergling x2  
  45  6:53  Zergling x2  
  46  6:55  Drone  
  46  6:56  Hydralisk  
  46  6:59  Hydralisk  
  51  7:04  Roach  
  51  7:08  Overlord  
  49  7:13  Roach  
  47  7:19  Roach  
  47  7:21  Roach  
  51  7:25  Hydralisk  
  51  7:26  Drone  
  51  7:28  Overlord  
  54  7:32  Hydralisk  
  54  7:34  Drone  
  55  7:41  Zergling x2  
  48  7:45  Zergling x2  
  49  7:52  Zergling x2, Hydralisk  
  49  7:53  Roach  
  49  7:56  Roach  
  56  8:02  Hydralisk  
  58  8:07  Roach  
  60  8:13  Overlord  
  60  8:17  Roach  
  60  8:19  Overseer  
  62  8:24  Drone, Roach, Hydralisk  
  62  8:25  Drone  
  64  8:28  Zergling x2  
  50  8:36  Zergling x2  
  51  8:47  Roach  
  43  8:56  Zergling x4, Roach  
Tags
 
Add a new tag
Caveats
  • Supply blocks, unpowered buildings, or Contaminate may cause inaccurate times.
  • Supply counts are checked every 10 seconds.